 Dungeon Sprint DCSS version 0.22.1-1-ga44c0e56f4 (webtiles) character file.

95 MuseOD the Covert (level 4, 0/24 HPs)
             Began as a Spriggan Enchanter on Sept 21, 2018.
             Slain by a neqoxec (1 damage)
             ... in the Dungeon (Sprint II: "The Violet Keep of Menkaure").
             The game lasted 00:00:43 (202 turns).

MuseOD the Covert (Spriggan Enchanter)               Turns: 202, Time: 00:00:44

Health: 0/24       AC:  2    Str:  4    XL:     4   Next: 40%
Magic:  0/9        EV: 18    Int: 15    God:
Gold:   243        SH:  0    Dex: 16    Spells: 2/8 levels left

rFire    . . .     SeeInvis +   a - +1 dagger
rCold    . . .     Gourm    .   (shield restricted)
rNeg     . . .     Faith    .   b - +0 robe
rPois    .         Spirit   .   (helmet restricted)
rElec    .         Reflect  .   (no cloak)
rCorr    .         Harm     .   (gloves unavailable)
MR       .....     NoTele   +   (boots unavailable)
Stlth    ++++......             (no amulet)
HPRegen  0.08/turn              (no ring)
MPRegen  0.11/turn              (no ring)

@: very slightly contaminated, very quick
A: very small, unfitting armour, see invisible, dopey 1, herbivore, speed 3,
slow metabolism 2
a: no special abilities


You were in the Dungeon.
You were not hungry.

You visited 1 branch You collected 243 gold pieces.

Inventory:

Hand Weapons
 a - a +1 dagger (weapon)
Armour
 b - a +0 robe (worn)
Scrolls
 j - a scroll of blinking
Potions
 e - a potion of curing
 f - a potion of heal wounds
 g - a potion of haste
 h - 2 potions of magic
Comestibles
 d - a ration


   Skills:
 + Level 3.4 Fighting
 * Level 6.8 Short Blades
 - Level 3.0 Dodging
 + Level 8.1 Stealth
 - Level 2.6 Spellcasting
 - Level 3.6 Hexes


You had 2 spell levels left.
You knew the following spells:

 Your Spells              Type           Power        Failure   Level  Hunger
a - Corona                Hex            ##.....      4%          1    #......
b - Ensorcelled Hibernat  Hex/Ice        #.....       16%         2    ##.....
c - Confuse               Hex            ##......     14%         3    ###....

Your spell library contained the following spells:

 Spells                   Type           Power        Failure   Level  Hunger
 Tukima's Dance           Hex            ##......     14%         3    ###....
 Dazzling Spray           Conj/Hex       #.....       30%         3    ###....


Dungeon Overview and Level Annotations

Branches:
Dungeon (1/1)

Altars:


Innate Abilities, Weirdness & Mutations

You are very small and have problems with some larger weapons.
You are too small for most types of armour.
You have supernaturally acute eyesight. (SInv)
You are a herbivore.
You cover ground extremely quickly.
You need to consume almost no food.
You are dopey. (Int -2)


Message History

Press: ? - help, Shift-Dir - straight line, f/p - neqoxec
Aim: a neqoxec (chance to defeat MR: 23%)
The neqoxec resists with almost no effort.
Okay, then.
You hit the neqoxec but do no damage. The neqoxec hits you!
You hit the neqoxec but do no damage. The neqoxec gestures at you.
Something tries to feed on your intellect!
The neqoxec misses you.
You hit the neqoxec.
The neqoxec is lightly wounded.
The neqoxec gestures.
You barely miss the neqoxec.
The neqoxec is lightly wounded.
The neqoxec hits you!
* * * LOW HITPOINT WARNING * * *
You hit the neqoxec.
The neqoxec is lightly wounded.
The neqoxec hits you.
You die...

## ## #5#
#+# .##
#3##.###..#
#3@<†'†#
###†###..#
#+# .## ##


You could see 2 neqoxecs and a shadow imp.

Vanquished Creatures
  4 worker ants (D)
4 creatures vanquished.

Vanquished Creatures (others)
  A crocodile (D)
1 creature vanquished.

Grand Total: 5 creatures vanquished

Notes
Turn   | Place    | Note
-------+----------+-------------------------------------------
     0 | D        | MuseOD the Spriggan Enchanter began the quest for the Orb.
     0 | D        | Reached XP level 1. HP: 9/9 MP: 5/5
     1 | D        | Noticed a worker ant
     1 | D        | Noticed a worker ant
     3 | D        | Noticed a worker ant
     3 | D        | Noticed a worker ant
    14 | D        | Killed a worker ant
    14 | D        | Reached skill level 6 in Stealth
    14 | D        | Reached XP level 2. HP: 9/15 MP: 6/6
    17 | D        | Reached skill level 5 in Short Blades
    17 | D        | Reached skill level 7 in Stealth
    17 | D        | Reached XP level 3. HP: 10/19 MP: 8/8
    61 | D        | Learned a level 2 spell: Ensorcelled Hibernation
    65 | D        | Learned a level 3 spell: Confuse
    69 | D        | Reached XP level 4. HP: 7/24 MP: 2/9
    88 | D        | Killed a crocodile
   157 | D        | Reached skill level 8 in Stealth
   182 | D        | Noticed a neqoxec
   186 | D        | Gained mutation: You are dopey. (Int -2) [a neqoxec]
   187 | D        | Noticed a neqoxec
   201 | D        | HP: 1/24 [neqoxec (8)]
   202 | D        | Slain by a neqoxec

Skill      XL: |  1  2  3  4 |
---------------+-------------+-----
Fighting       | 2 3 |  3.4
Short Blades   | 4 5 6 |  6.8
Stealth        | 6 7 8 |  8.1
Dodging        | |  3.0
Spellcasting   | |  2.6
Hexes          | |  3.6

Action                   |  1- 3 |  4- 6 || total
-------------------------+-------+-------++-------
Melee: Dagger            |    11 |     7 ||    18
 Cast: Ensorcelled Hiber |     3 |     3 ||     6
       Confuse           |       |     2 ||     2
  Use: Potion            |     1 |       ||     1
 Stab: Sleeping          |     1 |       ||     1
       Confused          |       |     1 ||     1
Armor: Robe              |     1 |       ||     1
Dodge: Dodged            |    10 |     5 ||    15
